cohdb
Replays
Latest Replays
All Replays
Popular Replays
Top Player Replays
Match Explorer
How It Works
Community
CoH3 Stats
Reddit
Sign in to upload your games and track your stats! →
Sign in with Steam
Match 41458296
Unlisted
Match 41458296
Overview
Messages
Build Orders
End
Construct Infanterie Kompanie
Grenadier Squad
MG 42 Machine Gun Team
Grenadier Squad
GrW 34 Mortar Team
Construct Panzergrenadier Kompanie
Panzergrenadier Squad
Medical Bunker
Construct Panzer Kompanie
諾爾斯
kenleung
Kim Jong-un
sincelost21
General Idea
Dave
TEACHER701
Doc
0
0
Comments
sign in to comment!
No comments posted yet!